[Event "Lliga Catalana DH 2023"]
[Site "Catalonia"]
[Date "2023.01.21"]
[Round "1.1"]
[White "Garriga Cazorla, Pere"]
[Black "Guerra Mendez, Jose Angel"]
[Result "1/2-1/2"]
[ECO "D27"]
[WhiteElo "2490"]
[BlackElo "2497"]
[Annotator "TA"]
[PlyCount "76"]
[EventDate "2023.01.24"]
[EventType "team-tourn"]
[EventCountry "ESP"]
[SourceTitle "playchess.com"]
[Source "ChessBase"]
[SourceQuality "1"]
[TimeControl "40/5400+30:1800+30"]

1. d4 d5 2. c4 dxc4 3. e3 Nf6 4. Bxc4 e6 5. Nf3 c5 6. O-O a6 7. Re1 {[%emt 0:03:23] D27: Queen's Gambit Accepted: Classical main line: 7 e4!? and 7 a4.} Nc6 {[%emt 0:03:24] 7...Nc6 is better than 7...b5.} 8. e4 cxd4 9. e5 {[%emt 0:04:30] The position is equal.} Nd7 10. Bf4 Nc5 11. Nbd2 b5 (11... Be7 $5 12. Ne4 Nxe4 13. Rxe4 b5 $15) 12. Bf1 Bb7 13. Ng5 {[%emt 0:04:50][%cal Bf3g5,Bg5e4,Be4d6][%mdl 32] [#]} Nb4 $146 ({Predecessor:} 13... h6 14. Nge4 Be7 15. Nxc5 Bxc5 16. Ne4 Be7 17. Rc1 Qd5 18. a4 Rd8 19. axb5 axb5 {1-0 Shchekachev,A (2570)-Fayard,A (2283) Paris-ch 2004 (2)}) 14. Nde4 (14. Qh5 $2 g6 15. Qd1 Ncd3 $17) 14... Nxe4 15. Nxe4 d3 {[%emt 0:00:22] aiming for ...Qd4.} 16. Qg4 h5 (16... Nc2 $15 17. Nd6+ Bxd6 18. Qxg7 Bb4 19. Qxh8+ Kd7 20. Qxd8+ Rxd8) 17. Qg3 $1 $11 h4 18. Qg4 Nc2 {[%emt 0:00:19][%csl LRa1,LRe1] And now ...Bxe4 would win.} 19. Nd6+ Bxd6 20. exd6 O-O (20... Kf8 $1 $11) 21. Bxd3 ({White must play} 21. Be5 $1 $16 f6 22. Bxd3 fxe5 23. Qxe6+ (23. Bxc2 Qf6 $16) 23... Rf7 24. Bxc2) 21... Nxe1 $4 {[%emt 0:00:07][%mdl 8192] [#]} (21... Nxa1 {is a self mate.} 22. Be5 f6 23. Qg6) (21... f5 $11 22. Qe2 Nxa1) 22. Rxe1 $2 (22. Be5 $1 $18 f6 23. Bg6) 22... f5 23. Qh5 Qf6 24. Bf1 Rfd8 ({Much less strong is} 24... Qxb2 25. Rxe6 Rf7 26. d7 $16 (26. Qxh4 Be4 $11)) 25. h3 (25. a4 {seems wilder.} bxa4 26. Bc4 Be4 27. h3) 25... Bd5 (25... Qxb2 $2 26. Rxe6 Bd5 27. Be5 Bxe6 28. Bxb2 $18) (25... Be4 {feels hotter.} 26. Bg5 Qf7 27. Qd1 Qf8) 26. Qe2 (26. b3 {keeps more tension.} Rd7 27. Bd3 Rf8 28. Bf1) 26... Bxa2 27. Qe3 Bd5 (27... Qxb2 $17 {...Qb4 is the strong threat.} 28. Rc1 Rd7) 28. Be5 $15 Qf8 {[%emt 0:00:24] Strongly threatening ...Rxd6.} (28... Qh6 $5 29. f4 Qg6 $15) 29. Qg5 (29. Rc1 $1 $11 Rd7 30. Rc7 Rxc7 31. dxc7) 29... Rxd6 $1 $17 30. Bxd6 Qxd6 31. Qxh4 b4 (31... Rc8 $17 32. Qd4 Rc2) 32. Bc4 $15 a5 (32... Bxc4 $17 33. Qxc4 Kf7) 33. Qd4 (33. Bxd5 $11 {keeps the balance.} exd5 34. Qg5) 33... Rd8 34. Bxd5 Qxd5 35. Qb6 Rd6 36. Qb8+ Rd8 37. Qb6 Rd6 38. Qb8+ {[%emt 0:00:24] [#]} Rd8 {[%emt 0:00:41] Weighted Error Value: White=0.41/Black=0.25 (precise)} (38... Kf7 $1 $17 39. Qa7+ Rd7) 1/2-1/2

[Event "Lliga Catalana DH 2023"]
[Site "Catalonia"]
[Date "2023.01.21"]
[Round "1.1"]
[White "Narciso Dublan, Marc"]
[Black "Perez Mitjans, Orelvis"]
[Result "1/2-1/2"]
[ECO "D00"]
[WhiteElo "2432"]
[BlackElo "2344"]
[Annotator "TA"]
[PlyCount "116"]
[EventDate "2023.01.24"]
[EventType "team-tourn"]
[EventCountry "ESP"]
[SourceTitle "playchess.com"]
[Source "ChessBase"]
[SourceQuality "1"]
[TimeControl "40/5400+30:1800+30"]

1. d4 Nf6 2. Nf3 g6 3. Nc3 d5 4. Bf4 c6 5. h3 Nbd7 6. e3 Bg7 7. Be2 O-O 8. O-O Ne4 9. Nxe4 dxe4 {D00: 1 d4 d5: Unusual lines.} 10. Nd2 {[#]} Nf6 $146 (10... f5 $11 {should be considered.}) ({Predecessor:} 10... f5 11. f3 exf3 12. Nxf3 h6 13. Bc4+ Kh7 14. Qe2 Nf6 15. Be5 e6 16. Bd3 Qe7 17. e4 {1-0 Stefanova,A (2500)-Bodnaruk,A (2428) Wch Blitz (Women) 2017 (20)}) 11. c3 Bf5 {White is slightly better.} 12. Qc2 h5 13. Be5 Re8 14. Rfd1 Qc8 15. a4 Bh6 16. a5 h4 17. Qb3 g5 18. Nf1 (18. Re1 $16) 18... g4 $11 19. Bxf6 (19. Bc4 {seems wilder.} Rf8 20. Qb4 Re8 21. hxg4 Nxg4 22. Qc5) 19... exf6 20. hxg4 Bxg4 21. Bxg4 Qxg4 22. Nh2 (22. Qxb7 $2 h3 23. Ng3 Bxe3 24. fxe3 Qxg3 $19) 22... Qg6 23. Kh1 f5 24. d5 (24. Qxb7 Reb8 25. Qa6 Rxb2 $17) 24... Kh8 25. Qxb7 Rg8 26. Rg1 {Active counter play!} (26. dxc6 $2 Qxg2#) 26... cxd5 27. Qxd5 f4 {...Rad8 is the strong threat.} 28. exf4 Bxf4 29. Qd4+ Rg7 30. Rae1 f5 31. Nf1 Re8 32. Ne3 Be5 33. Qa4 Reg8 {Strongly threatening ...Qg5.} 34. Qb5 Re7 35. Qc5 {[%mdl 64] Deflection} Ree8 (35... Qg5 $1 $11) 36. Rd1 (36. Qxa7 $16 {Hoping for Qd7.} Rg7 37. Qb6) 36... f4 (36... Qh5 $1 $11 {keeps the balance.} 37. Nc4 (37. Qxa7 f4 $17) 37... Bg3) 37. Rd5 $2 (37. Nc4 $16 Qf5 38. Rd5 (38. Qxa7 f3 $11)) 37... Rc8 $2 (37... fxe3 38. Rxe5 Rxe5 39. Qxe5+ Rg7 40. fxe3 $18) (37... Qh5 $1 $19 {( -> ...h3)} 38. Nf1 f3 39. Rxe5 (39. Qxa7 fxg2+ {[%mdl 64] Remove Defender} 40. Rxg2 Qf3) 39... Rxe5) 38. Qb5 a6 (38... fxe3 $2 39. Rxe5 Rg7 40. fxe3 $18) 39. Qe2 f3 40. Qd1 Qe6 41. Rxe5 $1 Qxe5 42. gxf3 Rxg1+ (42... Qxa5 43. Qd4+ (43. fxe4 Rxg1+ 44. Kxg1 Qg5+ 45. Kf1 Rd8 $11) 43... Kh7 44. Qxe4+ Kh6 45. Qxh4+ Qh5 46. Nf5+ Kh7 47. Qxh5#) 43. Kxg1 {[%mdl 4096] Endgame KQR-KQN} Rg8+ ({Don't take} 43... Qxa5 44. Qd4+ (44. fxe4 Rg8+ 45. Kf1 Qg5 $11) 44... Kg8 45. Nd5 $16) 44. Kh1 exf3 45. Qxf3 Qg5 46. Kh2 Rg7 47. Kh3 Rg6 ({Don't play} 47... Qxa5 48. Qf8+ (48. Kxh4 $2 {is a self mate.} Qg5+ 49. Kh3 Rh7+) 48... Kh7 49. Nf5 $16 (49. Kxh4 $2 Qg5+ 50. Kh3 Qh6#)) 48. Ng4 Kh7 49. Qe4 {And now Ne5 would win.} Kh8 50. f3 Rg7 {[#]} (50... Rg8 $11) 51. Qe8+ ({White should play} 51. Qa8+ $1 $16 Rg8 52. Qxa6) 51... Kh7 52. Qe4+ (52. Qe6 $11) 52... Kh8 $16 {[%cal Og7f7] [#]} 53. Qd4 ({White should try} 53. Qa8+ $1 $16 Rg8 54. Qxa6) 53... Qxa5 $11 {The position is equal.} 54. Qf6 Qg5 {aiming for ...Qxf6.} 55. Qd4 Qa5 56. Qf6 Qg5 {...Qxf6 would be deadly.} 57. Qd4 Qa5 58. Qf6 Qg5 {Weighted Error Value: White=0.21 (precise) /Black=0.15 (very precise)} 1/2-1/2

[Event "Lliga Catalana DH 2023"]
[Site "Catalonia"]
[Date "2023.01.21"]
[Round "1.2"]
[White "Fluvia Poyatos, Joan"]
[Black "Rahal, Michael A"]
[Result "0-1"]
[ECO "A07"]
[WhiteElo "2463"]
[BlackElo "2331"]
[Annotator "TA"]
[PlyCount "86"]
[EventDate "2023.01.24"]
[EventType "team-tourn"]
[EventCountry "ESP"]
[SourceTitle "playchess.com"]
[Source "ChessBase"]
[SourceQuality "1"]
[TimeControl "40/5400+30:1800+30"]

1. Nf3 d5 2. g3 g6 3. Bg2 Bg7 4. O-O e5 5. d3 Ne7 6. e4 dxe4 7. dxe4 Qxd1 {A07: Réti Opening: New York and Capablanca Systems.} 8. Rxd1 f6 9. Nc3 c6 {[#] White is slightly better.} 10. b3 $146 ({Predecessor:} 10. Be3 Be6 11. Rd6 Kf7 12. Rad1 Nc8 13. R6d2 Re8 14. Bf1 Nb6 15. b3 Bf8 16. Nb1 {0-1 Aronyak,G (2180)-Czebe,A (2491) Chennai op 9th 2017 (3)}) 10... Be6 11. Be3 Nc8 12. Na4 {And now Nc5 would win.} Nd7 13. c4 Bf8 14. c5 {Against Ncb6} b5 15. cxb6 Ncxb6 16. Rac1 Nxa4 17. bxa4 c5 18. Bf1 a6 19. Rb1 Ra7 {Dodges Rb7} 20. Nd2 Be7 (20... Bxa2 $11 21. Rb2 Be6) 21. Nc4 $16 O-O 22. Rb2 Rc8 23. Rdb1 Kf7 24. Bd2 Raa8 25. Bd3 Rab8 {[#]} 26. Rb7 $1 Ke8 27. Kf1 Rxb7 28. Rxb7 Rb8 29. Ra7 Nb6 30. Nxb6 (30. Rxa6 $2 {is the wrong capture.} Bxc4 31. Bxc4 Nxc4 $19) 30... Rxb6 31. Ba5 (31. Bxa6 $2 {too greedy.} Rxa6 32. Rxa6 Bc4+ 33. Ke1 Bxa6 $19) (31. Be3 $14) 31... Rd6 $36 {[%mdl 2048] Black is pushing.} 32. Bxa6 {[%mdl 8192] [#]} (32. Be2 $11 {and White stays safe.}) 32... Rxa6 $1 $19 {[%mdl 576] Remove Defender} 33. Rxa6 $11 {[%mdl 4096] Endgame KRB-KB} Bc4+ (33... Bxa2 $2 34. Kg2 $18) 34. Ke1 {Black must now prevent Ra8+.} Bxa6 35. Bc3 Kd7 36. Kd2 Ke6 37. f4 exf4 38. gxf4 f5 39. e5 g5 40. Ke3 g4 41. a5 h5 {[%cal Bh7h5,Bh5h4][%mdl 32] ( -> ...c4)} 42. Kf2 h4 43. Be1 Kd5 {Weighted Error Value: White=0.55/Black=0.08 (flawless)} 0-1

[Event "Lliga Catalana DH 2023"]
[Site "Catalonia"]
[Date "2023.01.21"]
[Round "1.2"]
[White "Alonso Bouza, Julio Javier"]
[Black "Rios, Cristhian Camilo"]
[Result "0-1"]
[ECO "A35"]
[WhiteElo "2384"]
[BlackElo "2470"]
[Annotator "TA"]
[PlyCount "79"]
[EventDate "2023.01.24"]
[EventType "team-tourn"]
[EventCountry "ESP"]
[SourceTitle "playchess.com"]
[Source "ChessBase"]
[SourceQuality "1"]
[TimeControl "40/5400+30:1800+30"]

1. e4 c6 2. c4 d5 3. exd5 cxd5 4. cxd5 Nf6 5. Nc3 Nxd5 6. Nf3 Nc6 7. d4 g6 8. Qb3 Nxc3 {[%emt 0:01:30] A35: Symmetrical English: 2 Nc3 Nc6 3 Nf3.} 9. Bc4 {[%emt 0:06:53] Prevents Nd5} Nd5 {[%emt 0:01:10] 9...e6 is the modern continuation.} 10. Bxd5 e6 {[%emt 0:00:08] The position is equal.} 11. Bc4 (11. Bxc6+ $142 bxc6 12. O-O) 11... Bb4+ (11... Nxd4 12. Nxd4 Qxd4 13. Be3 $16) 12. Kf1 {[%emt 0:00:42] [#]} O-O $146 ({Predecessor:} 12... Be7 13. Bh6 a6 14. Qe3 Qd6 15. Rd1 Na5 16. Be2 Qd5 17. b3 Bd7 18. Ne5 Bb5 {0-1 Hole,O (2351)-Salomon,J (2346) NOR-ch Trondheim 2014 (9)}) 13. Bh6 Re8 14. h4 {[%emt 0:04:27] h5 is the strong threat.} Bf8 15. Bxf8 Rxf8 16. Qe3 Ne7 (16... h5 $11 {remains equal.}) 17. g4 ({White has to play} 17. h5 $1 $16 ) 17... Nd5 18. Bxd5 Qxd5 19. h5 $1 e5 20. hxg6 $1 fxg6 21. Qh6 $1 Rxf3 22. Qxh7+ Kf8 23. Qh8+ Ke7 $1 {[%emt 0:00:09] White must now prevent ...Rf7.} (23... Qg8 $2 24. Qxe5 Bxg4 25. Rh8 $18) 24. Rh7+ Rf7 25. Re1 $1 Qc4+ ({Don't do} 25... Qxd4 26. Rxe5+ Kd6 27. Rxf7 $16) 26. Kg1 Rxh7 (26... Qxa2 27. Qxe5+ (27. dxe5 Rxh7 {[%mdl 64] Remove Defender} 28. Qxh7+ Qf7 $11) 27... Be6 28. Qc5+ Ke8 29. Rh8+ Kd7 30. Qb5+ Kd6 31. Qb4+ Kd7 32. Qxb7+ Kd6 33. Qb4+ Kd7 34. Qb5+ Ke7 35. Rxa8) 27. Rxe5+ Kd6 28. Qxh7 {[%emt 0:02:50] Hoping for Qe7+.} Qxd4 29. Qe7+ Kc6 {[%emt 0:00:18] Strongly threatening ...Bd7.} 30. Qf6+ Qd6 31. Qf3+ Kc7 32. Qc3+ (32. Rd5 $5 Qb4 $8 33. Qe3 $11) 32... Kb8 $2 {[%emt 0:01:40] [#]} (32... Kb6 $1 $11 {and Black has nothing to worry.}) 33. Re8 $2 (33. Rc5 $1 $18 a6 34. Rxc8+ Ka7 35. Qc5+ Qxc5 36. Rxc5) 33... Qc7 $17 34. Rxc8+ $4 {[%emt 0:01:05][%mdl 8192] This costs White the game.} Kxc8 $19 {[%emt 0:00:14] Black is clearly winning.} 35. Qh8+ Qd8 36. Qc3+ {[%emt 0:00:07] [#]} Kd7 $1 37. Qd4+ Ke6 38. Qe4+ Kf6 39. g5+ Kxg5 {[%emt 0:00:20] ...Qd1+ would be deadly.} 40. f4+ {[%emt 0:00:00] Excellently played by Rios!   Weighted Error Value: White=0.54/Black=0.15 (very precise)} 0-1

[Event "Lliga Catalana DH 2023"]
[Site "Catalonia"]
[Date "2023.01.21"]
[Round "1.3"]
[White "Ramirez Garcia, Jorge Alberto"]
[Black "Campins Machado, Francesc"]
[Result "1/2-1/2"]
[ECO "B22"]
[WhiteElo "2275"]
[BlackElo "2164"]
[Annotator "TA"]
[PlyCount "235"]
[EventDate "2023.01.24"]
[EventType "team-tourn"]
[EventCountry "ESP"]
[SourceTitle "playchess.com"]
[Source "ChessBase"]
[SourceQuality "1"]
[TimeControl "40/5400+30:1800+30"]

1. e4 c5 2. Nf3 e6 3. c3 Nf6 4. d4 cxd4 5. e5 Nd5 6. cxd4 d6 7. Bc4 Nc6 8. O-O Be7 9. Qe2 O-O 10. Nc3 Nxc3 11. bxc3 Qc7 12. Bd3 dxe5 13. dxe5 b6 14. Re1 Bb7 15. Ng5 g6 16. Nxh7 Rfd8 17. Nf6+ Kg7 18. Bf4 Na5 19. Qe3 Rh8 20. Be4 Nc4 21. Qg3 Rad8 22. h4 Bxe4 23. Rxe4 Qc6 24. Rae1 Nd6 25. exd6 Bxf6 26. Be5 Bxe5 27. Qxe5+ Kg8 28. Rd1 Rh5 29. Qf4 Rf5 30. Rc4 Qb5 (30... Rxf4 $11 31. Rxc6 Rxh4) 31. Qe4 $1 $16 ({Wrong is} 31. Qd4 $2 Rd5 $19) 31... Rd5 {[#]} ({Better is} 31... Re5 32. Qc6 Qxc6 33. Rxc6 Kf8) 32. Rxd5 $1 $16 Qxd5 (32... exd5 $16 33. Qe7 Re8) 33. Qxd5 $18 exd5 {[#]} 34. Rc7 (34. Rc6 $1 $18 {and White stays clearly on top.}) 34... Rxd6 $16 35. Rxa7 d4 36. cxd4 Rxd4 37. g3 Rd2 38. a4 Ra2 39. Ra6 Kg7 40. Kg2 Ra3 41. g4 Rb3 42. f3 Rb2+ 43. Kg3 Rb4 44. Ra7 Rc4 45. Ra6 Rb4 46. Kf2 Rb3 47. Ke2 Ra3 48. Kf2 Rb3 $1 49. Ra7 Ra3 50. Kg3 Re3 51. Kf4 Re6 52. Rd7 Re1 53. Rd4 Rb1 54. Kg5 (54. Re4 $16) 54... b5 (54... Rb3 $1 $11 {keeps the balance.}) 55. h5 ({White should try} 55. Kf4 $16) 55... gxh5 56. Kxh5 b4 57. Kg5 b3 58. Rb4 b2 59. f4 Ra1 60. Rxb2 Rxa4 61. Rb6 Rc4 62. Rd6 Ra4 63. Kf5 Ra5+ 64. Ke4 Ra4+ 65. Ke5 Ra5+ 66. Rd5 Ra6 67. Kf5 Rf6+ 68. Kg5 Rg6+ 69. Kh4 Rh6+ 70. Rh5 Ra6 71. Re5 Rb6 72. Re7 Rb4 73. Kg5 Rb5+ 74. f5 Ra5 75. Kf4 Ra4+ (75... Kf6 $5 76. Re4 Ra1 $14) 76. Re4 Ra1 77. g5 Rg1 78. Re3 Rf1+ 79. Kg4 $1 Rh1 80. Rh3 Rg1+ 81. Rg3 Rf1 82. Rg2 Kh7 83. Rh2+ Kg8 84. Rh3 Rg1+ 85. Kf4 (85. Kf3 $5 ) 85... Rf1+ 86. Ke5 Kg7 87. Rh6 Re1+ 88. Kf4 Rf1+ 89. Ke4 Re1+ 90. Kd4 Rd1+ 91. Ke3 Re1+ 92. Kf2 Re5 93. Rf6 Ra5 94. Kf3 Ra3+ 95. Kg4 Ra4+ 96. Kh5 Ra5 97. Kg4 Ra4+ 98. Kg3 Ra3+ 99. Kf4 Ra4+ 100. Ke5 Ra5+ 101. Kd6 Ra6+ 102. Ke7 Ra7+ 103. Ke8 Ra8+ 104. Kd7 Ra7+ 105. Kd8 Ra8+ 106. Kc7 Ra5 107. Kb6 Re5 108. Kc6 Ra5 109. Kc7 Rd5 110. Kb6 Re5 111. Kc6 Ra5 112. Kd6 Ra6+ 113. Ke5 Ra5+ 114. Kf4 Ra4+ 115. Kg3 Ra3+ 116. Kg4 Ra4+ 117. Kh5 Ra5 118. Kg4 1/2-1/2

[Event "Lliga Catalana DH 2023"]
[Site "Catalonia"]
[Date "2023.01.21"]
[Round "1.3"]
[White "Fernandez Diaz, Cristian"]
[Black "Alonso Garcia, Rene Marcial"]
[Result "1/2-1/2"]
[ECO "D85"]
[WhiteElo "2252"]
[BlackElo "2325"]
[Annotator "TA"]
[PlyCount "28"]
[EventDate "2023.01.24"]
[EventType "team-tourn"]
[EventCountry "ESP"]
[SourceTitle "playchess.com"]
[Source "ChessBase"]
[SourceQuality "1"]
[TimeControl "40/5400+30:1800+30"]

1. d4 Nf6 2. c4 g6 3. Nc3 d5 4. cxd5 Nxd5 5. e4 Nxc3 6. bxc3 Bg7 7. Nf3 c5 8. Be2 Nc6 9. Be3 Qa5 10. O-O O-O 11. d5 ({Much worse is} 11. dxc5 Bxc3 12. Rb1 Qxa2 $11) 11... Ne5 {[%emt 0:00:31] D85: Exchange Grünfeld: Unusual White 7th moves and lines with 7 Nf3.} 12. Nxe5 Bxe5 {[%emt 0:00:03] [#]} 13. c4 b6 {[%emt 0:13:40] [#]} (13... Bxa1 $11 14. Qxa1 f6) 14. Rc1 $146 ({Predecessor:} 14. Rb1 Bd7 15. f4 Bg7 16. e5 Rad8 17. Bd3 f5 18. exf6 Rxf6 19. f5 Bxf5 20. Bxf5 Rxf5 21. Rxf5 gxf5 {½-½ Hlinka,V (2173)-Vrba,M (1985) Tatry op Tatranske Zruby 2009 (3)}) 14... Qxa2 {[%emt 0:02:48] Weighted Error Value: White=0.23 (precise) /Black=0.33} 1/2-1/2

[Event "Lliga Catalana DH 2023"]
[Site "Catalonia"]
[Date "2023.01.21"]
[Round "1.4"]
[White "Ortega Serra, Marc"]
[Black "Lever, Erwan"]
[Result "0-1"]
[ECO "A46"]
[WhiteElo "2313"]
[BlackElo "2180"]
[Annotator "TA"]
[PlyCount "138"]
[EventDate "2023.01.24"]
[EventType "team-tourn"]
[EventCountry "ESP"]
[SourceTitle "playchess.com"]
[Source "ChessBase"]
[SourceQuality "1"]
[TimeControl "40/5400+30:1800+30"]

1. d4 Nf6 2. Nf3 e6 3. g3 b5 4. a4 b4 5. a5 Ba6 (5... c5 $15) 6. Bg2 {[%emt 0:01:23] A46: 1 d4 Nf6 2 Nf3 e6: Torre, London and Colle Systems.} d5 {[%emt 0:00:15] [#]} 7. Ne5 $146 ({Predecessor:} 7. O-O Nbd7 8. Re1 c5 9. c3 Rc8 10. Nbd2 cxd4 11. cxd4 Bd6 12. e4 dxe4 13. Ng5 {1-0 Khotenashvili,B (2502)-Zhao,X (2506) China Elite Mind blitz (Women) 2016 (4)}) 7... Nbd7 8. c4 {[%emt 0:21:54] The position is equal.} bxc3 $1 (8... Bxc4 9. Nxc4 dxc4 10. Qc2 $14) 9. Nxc3 Nxe5 10. dxe5 Nd7 11. Qa4 Rb8 $1 12. O-O Rb4 13. Qc2 (13. Qc6 $2 Bb7 $19) 13... Nxe5 14. b3 Bd6 15. Na2 {[%emt 0:03:26] Prevents c5} ({Better is} 15. Na4) 15... Rb8 $17 16. Be3 {[%emt 0:00:09] [#]} c5 $1 17. Bxc5 {[%emt 0:02:21] [#]} Qc7 (17... Bxc5 $6 18. Qxc5 Qe7 19. Qc3 $11) (17... Rc8 $1 $17 18. b4 O-O) 18. Rfc1 $1 $11 Qxc5 19. Qxc5 Bxc5 20. Rxc5 Kd7 21. Nc1 (21. e4 $11) 21... Rhc8 22. Rxc8 Rxc8 23. Rb1 Rc2 $36 {[%emt 0:06:44][%mdl 2048] Black is in control.} 24. Kf1 Nc6 {[%emt 0:05:16] Black has more active pieces. The white rooks are badly placed.} 25. Ke1 Kd6 ({Stronger than} 25... Nxa5 26. Ra1 $15) 26. b4 {[%emt 0:04:00] [#]} (26. Bf3 $142) 26... Nxb4 $1 $19 {[%emt 0:04:12][%mdl 576] Strongly threatening ...Na2. Deflection} 27. Kd1 (27. Bf3 Nc6) 27... Rc4 {[%emt 0:00:20] And now ...Rd4+ would win.} 28. e3 {[%emt 0:00:02] Prevents Rd4+} Nc6 29. Ra1 Rc5 30. Nb3 Rc3 31. Nc1 Ne5 32. h3 Rc8 33. e4 d4 34. f4 Nc4 35. e5+ Ke7 {[%emt 0:00:13] ...Ne3+ is the strong threat.} 36. Be4 Ne3+ 37. Ke1 Nc2+ 38. Bxc2 Rxc2 {[%emt 0:00:04][%mdl 4096] Endgame KRB-KRN} 39. Nb3 d3 40. Ra4 f6 41. exf6+ (41. Nd4 $17 Rc5 42. Nb3) 41... Kxf6 42. Rd4 Bb5 43. g4 (43. Rb4 $17 Ba6 44. Rd4) 43... h6 (43... Re2+ $19 44. Kd1 Rh2) 44. Nd2 Ra2 ({Black should try} 44... Rc1+ $19 45. Kf2 Rh1) 45. g5+ hxg5 46. fxg5+ (46. Ne4+ $142 Kg6 47. Nc3) 46... Kxg5 {[%emt 0:00:24] Threatens to win with ...Kf5.} 47. Rg4+ $2 (47. Ne4+ {was worth a try.} Kh5 48. Nc3 Rxa5 49. Re4) 47... Kf5 48. Rxg7 Rxa5 49. h4 (49. Kf2 $142) 49... Ra1+ 50. Kf2 a6 51. Rf7+ Kg6 52. Rf3 (52. Rf4 {keeps fighting.}) 52... Rh1 {[%emt 0:00:17] Hoping for ...Rh2+.} 53. Rg3+ Kf7 54. Nf3 Kf6 {[%emt 0:01:04] Repels Ne5} 55. Ke3 a5 56. Rg5 (56. h5 $142 Rxh5 57. Nd2) 56... Bc6 {[%emt 0:00:29] aiming for ...Bxf3.} 57. Nd2 Rh3+ ({Not} 57... Rxh4 58. Rxa5 Rh3+ 59. Kd4 $17) 58. Kf2 Bd5 59. Rg4 e5 60. Ra4 Ke6 61. Rxa5 Rxh4 (61... e4 $142 62. Nf1 Rf3+ 63. Ke1 e3 64. Nxe3 {[%mdl 64] Remove Defender} Rxe3+ 65. Kd2 Rh3) 62. Ra3 Rh2+ {[%emt 0:00:08] Black mates.} 63. Ke3 Rh3+ 64. Kf2 e4 65. Nf1 Rf3+ 66. Kg2 e3 67. Ra6+ Ke5 68. Ra5 e2 69. Nd2 Rf8+ {[%emt 0:01:00] Weighted Error Value: White=0.48/Black=0.20 (precise)} ({Inferior is} 69... e1=B 70. Nxf3+ Kd6 71. Ra3 $11) 0-1

[Event "Lliga Catalana DH 2023"]
[Site "Catalonia"]
[Date "2023.01.21"]
[Round "1.4"]
[White "Hapala, Elisabeth"]
[Black "Tallo Dominguez, Imar"]
[Result "0-1"]
[ECO "B29"]
[WhiteElo "2096"]
[BlackElo "2274"]
[Annotator "TA"]
[PlyCount "118"]
[EventDate "2023.01.24"]
[EventType "team-tourn"]
[EventCountry "ESP"]
[SourceTitle "playchess.com"]
[Source "ChessBase"]
[SourceQuality "1"]
[TimeControl "40/5400+30:1800+30"]

1. e4 c5 2. Nf3 Nf6 3. e5 Nd5 4. Nc3 e6 5. Nxd5 exd5 6. d4 Nc6 7. dxc5 Bxc5 8. Bd3 d6 9. exd6 Qxd6 10. O-O {[%cal Bh1f1,Bf1e1,Be1e3,Be3f3,Bf3d3][%mdl 32] B29: Sicilian: 2 Nf3 Nf6 (Nimzowitsch Variation).} h6 {Active counter play!} 11. Re1+ Be6 12. c3 {[#] White has an edge.} O-O-O $146 (12... O-O $11 {keeps the balance.}) ({Predecessor:} 12... Bb6 13. Be3 Bxe3 14. Rxe3 O-O 15. Bc2 Rad8 16. Nd4 Bd7 17. Qd3 g6 18. Rae1 Rde8 19. Rxe8 Bxe8 {½-½ Begna,B (1998)-Wittke,V (2068) Regionalliga SW 0203 2002 (1.6)}) 13. Be3 ({White should play} 13. b4 $16 Bb6 14. b5) 13... Bxe3 14. Rxe3 d4 15. cxd4 Nxd4 16. Qa4 Nxf3+ 17. Rxf3 Kb8 18. h3 Qe5 19. Qe4 Qxe4 20. Bxe4 Rd2 21. b3 Re8 22. Rd3 Rb2 23. Rd4 Rc8 24. f4 {[#] And now f5 would win.} Rc5 25. b4 (25. Rd8+ $5 Rc8 26. Rxc8+ Bxc8 27. Bd5 $11) 25... Rc4 26. Rxc4 Bxc4 $15 {[%mdl 4096] Endgame KRB-KRB} 27. a3 b5 28. Rd1 Kc7 {Dodges Rd8} 29. Bd5 Kb6 {Hoping for ...Ra2.} 30. Bxc4 {Black continues to play with concentration.} (30. Be4 $11 {and White stays safe.}) 30... bxc4 $11 {KR-KR} 31. Rd5 (31. Kf1) 31... c3 $19 32. Rc5 Rb3 (32... c2 {Threatens to win with ...Rb1+.} 33. Kh2 a5) 33. a4 $2 (33. Rc8) 33... Rxb4 $2 (33... a5 34. Rb5+ Kc6 35. Rc5+ Kd6) 34. Rxc3 Rxf4 (34... Rxa4 35. Rb3+ Kc6 36. Rc3+ Kd6 37. Rd3+ Ke7 38. Re3+ Kf6 39. Rc3 $17) 35. Rg3 g6 36. Rb3+ Ka5 37. Rb7 (37. Rb1 {is a better defense.}) 37... a6 ({Worse is} 37... Rxa4 38. Rxa7+ Kb5 39. Rxf7 $11) 38. Ra7 (38. g3 $142 Rf5 39. g4) 38... Rf6 ({Inferior is} 38... Rxa4 39. Rxf7 Rb4 40. Rf6 $17) ({Stronger than} 38... Kxa4 39. Rxa6+ Kb5 40. Ra7 $15) 39. g4 Kxa4 40. Re7 a5 {[#] aiming for ...Kb3.} 41. Kg2 Kb3 {...a4 is the strong threat.} 42. Rb7+ Ka3 43. Kg3 a4 44. h4 Ka2 45. h5 a3 {...g5 would be deadly.} 46. hxg6 fxg6 {[%cal Bf7g6,Bg6g5][%mdl 32] Black mates.} 47. Kh4 Rf3 48. Rb6 g5+ 49. Kh5 Rh3+ 50. Kg6 Rb3 51. Rf6 Rg3 52. Kh5 Kb3 53. Rb6+ Kc2 54. Ra6 Kb2 55. Rb6+ Rb3 56. Rf6 Rh3+ 57. Kg6 a2 58. Rf2+ Kb3 59. Rf1 Rh2 {Weighted Error Value: White=0.93/Black=0.31} 0-1